 Dungeon Crawl Stone Soup version 0.21.1 (webtiles) character file.

848 doot the Slasher (level 7, -2/60 HPs)
             Began as a Purple Draconian Chaos Knight on Feb 3, 2018.
             Slain by Pawles22's ghost (10 damage)
             ... on level 7 of the Dungeon.
             The game lasted 00:25:11 (5603 turns).

doot the Slasher (Purple Draconian Chaos Knight)    Turns: 5603, Time: 00:25:13

Health: -2/60      AC:  8    Str: 13 (14) XL:     7   Next: 69%
Magic:  5/10       EV: 13    Int: 11 (12) God:    Xom [......]
Gold:   381        SH:  0    Dex: 11 (13) Spells: 6/10 levels left

rFire    . . .     SeeInvis +   a - +0 falchion (chaos)
rCold    + . .     Gourm    .   (no shield)
rNeg     . . .     Faith    .   (armour unavailable)
rPois    .         Spirit   .   p - +2 hat
rElec    .         Reflect  .   (no cloak)
rCorr    .         Harm     .   (no gloves)
MR       +....                  (no boots)
Stlth    ++........             x - amulet of regeneration
HPRegen  1.00/turn              j - ring of ice
MPRegen  0.12/turn              (no ring)

@: short of breath, cleaving, berserk cooldown, very slightly contaminated,
slowed, very slow
A: breathe power, unfitting armour, horns 1, see invisible, fire resistance 1,
regeneration 1, evolution 1, cold-blooded, MP-powered wands, AC +6
a: Breathe Dispelling Energy, Renounce Religion


You were on level 7 of the Dungeon.
You worshipped Xom.
You were a very special plaything of Xom.
You were not hungry.

You visited 1 branch of the dungeon, and saw 7 of its levels.

You collected 381 gold pieces.

Inventory:

Hand Weapons
 a - a +0 falchion of chaos (weapon)
 o - a +0 trident of piercing
Armour
 p - a +2 hat (worn)
Magical Staves
 b - an uncursed staff of summoning
Jewellery
 j - a ring of ice (left hand)
 x - an amulet of regeneration (around neck)
Scrolls
 c - a scroll of noise {unknown}
 h - 3 scrolls of teleportation
 i - 9 scrolls of identify
 u - a scroll of magic mapping {unknown}
 v - a scroll of blinking {unknown}
Potions
 d - a potion of agility
 e - 2 potions of curing
 g - a potion of might
 k - a potion of mutation
 l - 3 potions of lignification
 s - a potion of berserk rage
Books
 m - a book of Minor Magic

   Spells                             Type                      Level
   a - Magic Dart                     Conjuration                  1
   b - Blink                          Translocation                2
   c - Call Imp                       Summoning                    2
   d - Slow                           Hexes                        2
   e - Conjure Flame                  Conjuration/Fire             3
   f - Mephitic Cloud                 Conjuration/Poison/Air       3
Comestibles
 q - 9 rations


   Skills:
 + Level 4.9 Fighting
 + Level 5.9 Long Blades
 + Level 3.7 Dodging
 + Level 3.3 Stealth
 + Level 2.4 Spellcasting
 + Level 2.2 Summonings


You had 6 spell levels left.
You knew the following spells:

 Your Spells              Type           Power        Failure   Level  Hunger
a - Call Imp              Summ           #.......     17%         2    ###....
b - Blink                 Tloc           N/A          38%         2    ###....


Dungeon Overview and Level Annotations

Branches:
Dungeon (7/15)             Temple (0/1) D:6

Altars:
Elyvilon
Gozag
Hepliaklqana
Kikubaaqudgha
Uskayaw
Xom

Shops:
D:4 %   D:6 =

Annotations:
D:6 SaintRoka's ghost, novice BaBe
D:7 Pawles22's ghost, novice KoBe


Innate Abilities, Weirdness & Mutations

You can breathe bolts of dispelling energy.
Your rich purple scales are hard. (AC +6)
You cannot fit into any form of body armour.
You are cold-blooded and may be slowed by cold attacks.
You have a pair of small horns on your head.
You have supernaturally acute eyesight. (SInv)
Your flesh is heat resistant. (rF+)
Your natural rate of healing is unusually fast.
You evolve.
You expend magic power (3 MP) to strengthen your wands.


Message History

You barely miss the quasit.
The quasit bites you but does no damage.
The quasit closely misses you. x2
Pawles22's ghost hits you but does no damage.
Unknown command.
Press: ? - help, Shift-Dir - straight line, f - Pawles22's ghost
Aim: Pawles22's ghost, wielding a weapon of protection (black smoke, almost destroyed)
You breathe a bolt of dispelling energy.
The bolt of dispelling energy misses Pawles22's ghost.
You feel somewhat more hungry.
The quasit bites you but does no damage.
The quasit closely misses you.
The quasit claws you but does no damage.
Pawles22's ghost hits you!
* * * LOW HITPOINT WARNING * * *
The quasit bites you but does no damage.
The quasit closely misses you. The quasit misses you.
Pawles22's ghost hits you!
You die...
Xom titters!

<.....$.#
##........
##........
.#.._.....#
..........#
..........##
#.......§..##
#.......5§§.#
#......§§@#..#
#......_§W# .#
#....._...# #
#.........#
#......._.#
........_.#
.........##
#.#.....##
#......§.


You could see a quasit and Pawles22's ghost.

Vanquished Creatures
  A hornet zombie (D:5)
  A centaur (D:6)
  A scorpion (D:5)
  3 crimson imps (D:5)
  A bullfrog skeleton (D:5)
  A hound (D:5)
  2 orc wizards
  2 worker ants
  2 iguanas (D:4)
  2 gnolls (D:5)
  A howler monkey skeleton (D:4)
  11 adders
  4 worms
  3 dart slugs
  5 leopard geckos
  11 orcs
  4 giant cockroaches
  7 goblins
  7 hobgoblins
  6 jackals
  2 quokkas
  4 ball pythons (D:2)
  5 bats
  2 frilled lizards
  6 kobolds
  A leopard gecko skeleton (D:4)
  9 rats
104 creatures vanquished.

Vanquished Creatures (collateral kills)
  An orc wizard (D:6)
  2 worker ants (D:5)
  2 gnolls (D:5)
  2 adders
  2 orcs (D:6)
9 creatures vanquished.

Grand Total: 113 creatures vanquished

Notes
Turn   | Place    | Note
-------+----------+-------------------------------------------
     0 | D:1      | doot the Draconian Chaos Knight began the quest for the Orb.
     0 | D:1      | Reached XP level 1. HP: 19/19 MP: 1/1
    58 | D:1      | XOM: potion effect (might)
   223 | D:1      | XOM: silly message
   263 | D:1      | XOM: harmless Necr miscast
   367 | D:1      | Reached XP level 2. HP: 26/26 MP: 2/2
   373 | D:1      | XOM is BORED!
   373 | D:1      | XOM: harmless Necr miscast
   656 | D:1      | XOM: harmless Summ miscast
   663 | D:1      | XOM: divination: detect items
   846 | D:1      | XOM: mild Erth miscast
   914 | D:1      | XOM: silly message
   929 | D:1      | XOM: give mutations
   929 | D:1      | Gained mutation: You are dopey. (Int -2) [Xom's mischief]
   929 | D:1      | Gained mutation: You are resistant to hostile enchantments. (MR+) [Xom's mischief]
  1029 | D:2      | Reached XP level 3. HP: 26/33 MP: 3/3
  1115 | D:2      | XOM: butterfly on damage
  1471 | D:2      | Found a hazy altar of Hepliaklqana.
  1492 | D:2      | Reached skill level 4 in Long Blades
  1745 | D:2      | Reached XP level 4. HP: 39/40 MP: 4/4
  1880 | D:2      | Reached skill level 1 in Stealth
  2145 | D:3      | Found an ancient bone altar of Kikubaaqudgha.
  2174 | D:3      | XOM: god gift: 37 gold pieces
  2217 | D:3      | XOM: harmless Air miscast
  2260 | D:3      | Reached XP level 5. HP: 46/46 MP: 5/5
  2463 | D:3      | XOM: divination: detect creatures
  2618 | D:4      | Found Qeolonur's Food Shop.
  2727 | D:4      | XOM: 3-stop teleportation journey
  2742 | D:4      | XOM: butterfly on damage
  2745 | D:4      | XOM: swap monsters
  2749 | D:4      | Reached skill level 5 in Long Blades
  2766 | D:4      | Reached XP level 6. HP: 34/53 MP: 6/6
  3056 | D:4      | Learned a level 2 spell: Call Imp
  3429 | D:4      | XOM: medium Summ miscast
  3430 | D:4      | Noticed an orange demon
  3504 | D:3      | XOM: give mutation
  3504 | D:3      | Gained mutation: Scrolls take you a little longer to read. [Xom's mischief]
  3560 | D:5      | Entered Level 5 of the Dungeon
  3788 | D:5      | XOM: polymorph worm -> scorpion
  3797 | D:5      | XOM: give mutations
  3797 | D:5      | Gained mutation: You are agile. (Dex +2) [Xom's mischief]
  3797 | D:5      | Gained mutation: You are frail. (-10% HP) [Xom's mischief]
  3797 | D:5      | Lost mutation: You are dopey. (Int -2) [Xom's mischief]
  3967 | D:5      | Reached skill level 1 in Summonings
  4055 | D:5      | XOM: 9-stop teleportation journey
  4099 | D:5      | Your scales start taking on a rich purple colour.
  4099 | D:5      | Reached skill level 1 in Spellcasting
  4099 | D:5      | Reached XP level 7. HP: 47/54 MP: 4/8
  4294 | D:5      | Found an opulent altar of Gozag.
  4405 | D:5      | XOM: harmless Erth miscast
  4518 | D:5      | XOM: mild Ice miscast
  4889 | D:6      | Noticed SaintRoka's ghost (novice BaBe)
  4903 | D:6      | XOM: 1-stop teleportation journey
  4914 | D:6      | XOM: give mutation
  4914 | D:6      | Lost mutation: You are resistant to hostile enchantments. (MR+) [Xom's mischief]
  4919 | D:6      | XOM: medium Conj miscast
  4929 | D:6      | XOM: enchant monster (good)
  4937 | D:6      | Found a staircase to the Ecumenical Temple.
  4937 | D:6      | XOM: 3-stop teleportation journey
  4945 | D:6      | XOM: 1-stop teleportation journey
  5146 | D:5      | Learned a level 2 spell: Blink
  5186 | D:5      | Lost mutation: You are frail. (-10% HP) [potion of mutation]
  5186 | D:5      | Lost mutation: You are agile. (Dex +2) [potion of mutation]
  5186 | D:5      | Gained mutation: You have a pair of small horns on your head. [potion of mutation]
  5187 | D:5      | Lost mutation: Scrolls take you a little longer to read. [potion of mutation]
  5187 | D:5      | Lost mutation: You have a pair of small horns on your head. [potion of mutation]
  5187 | D:5      | Gained mutation: Your natural rate of healing is unusually fast. [potion of mutation]
  5187 | D:5      | Gained mutation: You expend magic power (3 MP) to strengthen your wands. [potion of mutation]
  5187 | D:5      | Gained mutation: Your flesh is heat resistant. (rF+) [potion of mutation]
  5224 | D:6      | Found a hide-covered altar of Uskayaw.
  5224 | D:6      | Noticed a dagger
  5224 | D:6      | Noticed a dagger
  5292 | D:6      | Found Zeezic's Jewellery Shop.
  5357 | D:6      | Found a white marble altar of Elyvilon.
  5357 | D:6      | XOM: 9-stop teleportation journey
  5509 | D:6      | XOM: give mutations
  5509 | D:6      | Gained mutation: You evolve. [Xom's grace]
  5509 | D:6      | Gained mutation: You have supernaturally acute eyesight. (SInv) [Xom's grace]
  5509 | D:6      | Gained mutation: You have a pair of small horns on your head. [Xom's grace]
  5546 | D:7      | Noticed Pawles22's ghost (novice KoBe)
  5579 | D:7      | XOM: potion effect (berserk rage)
  5585 | D:7      | XOM: summons friendly white imp
  5591 | D:7      | XOM: scenery: create altars
  5592 | D:7      | XOM: cleaving
  5598 | D:7      | XOM: fog
  5601 | D:7      | XOM: polymorph crimson imp -> quasit
  5603 | D:7      | Slain by Pawles22's ghost

Skill      XL: |  1  2  3  4  5  6  7 |
---------------+----------------------+-----
Long Blades    | 4 5 |  5.9
Fighting       | 4 |  4.9
Stealth        | 1 2 3 |  3.3
Dodging        | 3 |  3.7
Summonings     | 1 2 |  2.2
Spellcasting   | 1 2 |  2.4

Action                   |  1- 3 |  4- 6 |  7- 9 || total
-------------------------+-------+-------+-------++-------
Melee: Falchion          |   113 |   156 |    81 ||   350
       Tailslap          |    12 |    31 |    15 ||    58
       Headbutt          |       |       |     2 ||     2
 Cast: Call Imp          |       |    11 |    21 ||    32
       Blink             |       |       |     2 ||     2
 Abil: Breathe Dispellin |       |       |     2 ||     2
  Use: Potion            |       |     4 |     7 ||    11
       Scroll            |       |       |     5 ||     5
 Stab: Sleeping          |     1 |     9 |     2 ||    12
       Paralysed         |     1 |       |       ||     1
       Petrified         |       |     3 |       ||     3
       Petrifying        |       |     2 |       ||     2
       Confused          |       |     1 |       ||     1
       Distracted        |       |       |     1 ||     1
  Eat: Chunk             |     3 |     5 |     5 ||    13
       Ration            |       |     1 |     1 ||     2
Armor: Skin              |    28 |    35 |    39 ||   102
Dodge: Dodged            |    74 |    82 |    56 ||   212
       Rpst.: Falchion   |    16 |    29 |    11 ||    56
